 Dungeon Crawl Stone Soup version 0.22-a0-322-g60b3cfd (webtiles) character file.

3689 zero the Covert (level 9, -15/44 HPs)
             Began as a Spriggan Enchanter on Apr 5, 2018.
             Was a Follower of Vehumet.
             Killed from afar by Erolcha (22 damage)
             ... with an orb of energy
             ... on level 9 of the Dungeon.
             The game lasted 00:16:40 (11433 turns).

zero the Covert (Spriggan Enchanter)               Turns: 11433, Time: 00:16:41

Health: -15/44     AC:  3    Str:  4    XL:     9   Next: 90%
Magic:  0/7        EV: 25    Int: 17    God:    Vehumet [*.....]
Gold:   447        SH:  0    Dex: 19    Spells: 10/16 levels left

rFire    . . .     SeeInvis +   l - +2 dagger (speed)
rCold    . . .     Gourm    .   (shield restricted)
rNeg     + . .     Faith    +   b - +0 robe
rPois    .         Spirit   .   (helmet restricted)
rElec    +         Reflect  .   B - +0 cloak
rCorr    .         Harm     .   (gloves unavailable)
MR       ++...                  (boots unavailable)
Stlth    ++++++....             u - amulet of faith
HPRegen  0.14/turn              F - ring of protection from magic
MPRegen  0.10/turn              v - ring "Aclek" {Wiz rElec rN+ MP-9}

@: very quick
A: very small, unfitting armour, see invisible, herbivore, speed 3, slow
metabolism 2
a: Renounce Religion


You were on level 9 of the Dungeon.
You worshipped Vehumet.
Vehumet was aware of your devotion.
You were not hungry.

You visited 2 branches of the dungeon, and saw 10 of its levels.
You also visited: Ossuary.

You collected 447 gold pieces.

Inventory:

Hand Weapons
 j - a +2 dagger of speed
 l - a +2 dagger of speed (weapon)
Missiles
 n - 2 throwing nets (quivered)
Armour
 b - a +0 robe (worn)
 A - a +0 buckler
 B - a +0 cloak (worn)
Jewellery
 a - a +3 amulet of reflection
 c - an uncursed ring of protection from cold
 h - an uncursed ring of protection from cold
 u - an amulet of faith (around neck)
 v - the ring "Aclek" (right hand) {Wiz rElec rN+ MP-9}
   (You found it on level 5 of the Dungeon)

   [ring of wizardry]

   It improves your spell success rate.
   It insulates you from electricity.
   It protects you from negative energy.
   It affects your magic capacity (-9).
 F - a ring of protection from magic (left hand)
Wands
 r - a wand of acid (8)
 w - a wand of polymorph (16)
 y - a wand of flame (19)
Scrolls
 f - 4 scrolls of immolation
 q - 4 scrolls of magic mapping
 t - a scroll of remove curse
 E - 2 scrolls of teleportation
Potions
 e - 9 potions of curing
 g - 2 potions of might
 i - 3 potions of heal wounds
 k - 2 potions of lignification
 m - 2 potions of brilliance {unknown}
 o - a potion of flight {unknown}
 p - 2 potions of resistance {unknown}
 s - a potion of agility {unknown}
 x - a potion of ambrosia {unknown}
 z - 2 potions of magic
 D - a potion of degeneration {unknown}
Comestibles
 d - 21 rations


   Skills:
 - Level 3.1 Fighting
 + Level 7.4 Short Blades
 - Level 8.1 Dodging
 + Level 13.0 Stealth
 - Level 4.2 Spellcasting
 - Level 8.0 Hexes


You had 10 spell levels left.
You knew the following spells:

 Your Spells              Type           Power        Failure   Level  Hunger
a - Corona                Hex            ####...      1%          1    None
b - Ensorcelled Hibernat  Hex/Ice        ###...       1%          2    ##.....
c - Confuse               Hex            ####....     1%          3    ###....


Dungeon Overview and Level Annotations

Branches:
Dungeon (9/15)             Temple (1/1) D:7             Orc (0/2) D:9
   Lair: D:8-11

Altars:
Ashenzari
Cheibriados
Dithmenos
Elyvilon
Fedhas
Gozag
Hepliaklqana
Kikubaaqudgha
Makhleb
Nemelex Xobeh
Okawaru
Qazlal
Ru
Sif Muna
Trog
Uskayaw
Vehumet
Wu Jian
Xom
Yredelemnul
Zin
The Shining One

Shops:
D:7 }

Annotations:
D:9 Erolcha


Innate Abilities, Weirdness & Mutations

You are very small and have problems with some larger weapons.
You are too small for most types of armour.
You have supernaturally acute eyesight. (SInv)
You are a herbivore.
You cover ground extremely quickly.
You need to consume almost no food.


Message History

The orb of energy hits you!
* * * LOW HITPOINT WARNING * * *
The orb of energy explodes!
Casting: Confuse (safe; 1% risk of failure)
Confirm with . or Enter, or press ? or * to list all spells.
You don't have enough magic to cast that spell.
Unknown command.
Casting: Confuse (safe; 1% risk of failure)
Confirm with . or Enter, or press ? or * to list all spells.
Aiming: Ensorcelled Hibernation (safe; 1% risk of failure)
Press: ? - help, Shift-Dir - straight line, f/p - Erolcha
Aim: Erolcha, wielding an enchanted giant club and wearing a robe (chance to defeat MR: 16%) Erolcha resists with almost no effort.
A crimson imp opens the door.
Erolcha points at you and mumbles some strange words.
You resist with almost no effort.
An orc comes into view. It is wielding a flail.
Erolcha points at you and mumbles some strange words.
The orb of energy hits you!
Ouch! That really hurt!
You die...

#...... . .....#........
.... #. #...##....##'#
...#
#.##...##....##.##...#
#.......#......5.....##.
+.......#............o..
#.......#...............
#.......#...............
#.....<.'..@....O.......
#.......#...............
########################


You could see Erolcha and a crimson imp.

Vanquished Creatures
  Maurice (D:8)
  Sigmund (D:3)
  3 hogs (D:7)
  A yak (D:7)
  A human (D:7)
  2 water moccasins (D:5)
  A sky beast (D:7)
  A phantom (D:9)
  2 centaurs
  3 ogres
  2 bullfrogs
  4 water moccasin zombies (Ossuary)
  2 scorpions
  8 wights (D:8)
  3 crimson imps
  2 hounds
  2 jellies
  An orc priest (D:4)
  5 orc wizards (D:4)
  A centaur skeleton (D:4)
  3 iguanas
  5 worker ants
  5 big kobold zombies (Ossuary)
  A hound skeleton (D:4)
  2 mummies (Ossuary)
  6 adders
  5 shadow imps
  2 oozes
  3 adder zombies
  A worm (D:2)
  2 dart slugs
  2 leopard geckos
  17 orcs
  5 giant cockroaches
  7 goblins
  7 hobgoblins
  5 quokkas
  5 bats
  5 frilled lizards
  5 gnoll zombies (Ossuary)
  5 hobgoblin zombies (Ossuary)
  5 kobolds
  4 kobold zombies (Ossuary)
  2 orc zombies (Ossuary)
  4 rats
159 creatures vanquished.

Vanquished Creatures (others)
  A water moccasin zombie (Ossuary)
  A hobgoblin zombie (Ossuary)
  An orc zombie (Ossuary)
3 creatures vanquished.

Grand Total: 162 creatures vanquished

Notes
Turn   | Place    | Note
-------+----------+-------------------------------------------
     0 | D:1      | zero the Spriggan Enchanter began the quest for the Orb.
     0 | D:1      | Reached XP level 1. HP: 9/9 MP: 5/5
   153 | D:1      | Reached skill level 5 in Stealth
   153 | D:1      | Reached XP level 2. HP: 2/13 MP: 4/6
   157 | D:1      | Learned a level 2 spell: Ensorcelled Hibernation
  1288 | D:3      | Reached XP level 3. HP: 16/16 MP: 8/8
  1305 | D:3      | Learned a level 3 spell: Confuse
  1474 | D:2      | Found a shattered altar of Ashenzari.
  1481 | D:2      | Found a sacrificial altar of Ru.
  1945 | D:2      | Reached skill level 6 in Stealth
  2088 | D:2      | Found a glowing silver altar of Zin.
  2088 | D:2      | Found an ornate altar of the Wu Jian Council.
  2088 | D:2      | Found a blossoming altar of Fedhas.
  2463 | D:3      | Reached XP level 4. HP: 21/21 MP: 9/9
  2513 | D:3      | Found an iron altar of Okawaru.
  2717 | D:3      | Found a faded altar of an unknown god.
  2789 | D:3      | Reached skill level 7 in Stealth
  3101 | D:3      | Noticed Sigmund
  3106 | D:3      | Killed Sigmund
  3106 | D:3      | Reached skill level 9 in Stealth
  3106 | D:3      | Reached XP level 5. HP: 24/24 MP: 10/10
  3481 | D:4      | Reached XP level 6. HP: 23/28 MP: 6/11
  3700 | D:4      | Found a sand-covered staircase.
  3847 | Ossuary  | Entered an ossuary
  4211 | Ossuary  | Reached skill level 5 in Hexes
  4427 | Ossuary  | Reached XP level 7. HP: 30/32 MP: 14/14
  6082 | D:5      | Entered Level 5 of the Dungeon
  6161 | D:4      | Found a shadowy altar of Dithmenos.
  6206 | D:4      | Found a glowing golden altar of the Shining One.
  6576 | D:4      | Reached skill level 1 in Fighting
  6576 | D:4      | Reached XP level 8. HP: 18/37 MP: 11/15
  6987 | D:5      | Found a burning altar of Makhleb.
  7205 | D:5      | Reached skill level 5 in Dodging
  7328 | D:5      | Got a flickering tin ring
  8393 | D:6      | Found a glowing golden altar of the Shining One.
  8953 | D:6      | Found a white marble altar of Elyvilon.
  9257 | D:7      | Found Keto Dua's Gadget Boutique.
  9380 | D:7      | Found a staircase to the Ecumenical Temple.
  9585 | Temple   | Entered the Ecumenical Temple
  9737 | Temple   | Became a worshipper of Vehumet
  9908 | D:7      | Reached skill level 10 in Stealth
  9908 | D:7      | Reached XP level 9. HP: 44/44 MP: 8/16
  9929 | D:7      | Reached skill level 5 in Short Blades
  9929 | D:7      | Reached skill level 11 in Stealth
 10274 | D:8      | Noticed Maurice
 10283 | D:8      | Killed Maurice
 10283 | D:8      | Reached skill level 12 in Stealth
 10940 | D:8      | Found a shimmering altar of Xom.
 11022 | D:8      | Reached * piety under Vehumet
 11022 | D:8      | Offered knowledge of Shock by Vehumet.
 11277 | D:8      | Identified the ring "Aclek" {Wiz rElec rN+ MP-9} (You found it on level 5 of the Dungeon)
 11327 | D:9      | Found a staircase to the Orcish Mines.
 11409 | D:9      | Noticed Erolcha
 11416 | D:9      | Reached skill level 13 in Stealth
 11433 | D:9      | Killed from afar by Erolcha

Vault maps used:
D:1:      ncdulo_wetmaze
D:2:      minitemple, first_ration
D:3:      overflow_temple_1_default, chequers_ecumenical_altar_island,
          uniq_sigmund
D:4:      lemuel_crystal_altar, old_standard_altar, enter_ossuary_2,
          roderic_lattice_a
D:5:      nicolae_overflow_hidden_temple
D:6:      kennysheep_mini, basic_altar
D:7:      minmay_temple_entry_glass, serial_shops, nicolae_shop_crystal,
          grunt_livestock
D:8:      kennysheep_mini_moat, uniq_maurice
D:9:      minmay_orc_entry_guard_dogs, hangedman_abyss_or_decor_stabs,
          uniq_erolcha
Temple:   minmay_temple_curvy_loop
Ossuary:  ossuary_tomb_2

Skill      XL: |  1  2  3  4  5  6  7  8  9 |
---------------+----------------------------+-----
Stealth        | 5 6 9 10 13 | 13.0
Short Blades   | 2 3 4 7 |  7.4
Spellcasting   | 4 |  4.2
Hexes          | 5 8 |  8.0
Fighting       | 1 3 |  3.1
Dodging        | 4 8 |  8.1

Action                   |  1- 3 |  4- 6 |  7- 9 || total
-------------------------+-------+-------+-------++-------
Melee: Dagger            |   163 |   159 |   373 ||   695
 Cast: Corona            |     5 |       |       ||     5
       Ensorcelled Hiber |     7 |    16 |    44 ||    67
       Confuse           |       |     1 |    26 ||    27
  Use: Scroll            |     6 |     1 |     8 ||    15
 Stab: Sleeping          |    14 |    19 |    49 ||    82
       Confused          |       |       |    18 ||    18
       Distracted        |       |       |     1 ||     1
  Eat: Ration            |       |     2 |     5 ||     7
Armor: Robe              |     9 |     6 |     4 ||    19
Dodge: Dodged            |    96 |    79 |   179 ||   354

Table legend:
 A = Spawn XP
 B = Non-spawn XP
 C = Spawn XP percentage of total XP
 D = Spawn monster count
 E = Non-spawn monster count
 F = Spawn count percentage of total count
 G = Total turns spent on level
                    A         B        C        D         E        F      G
               +---------+---------+-------+---------+---------+-------+---------
         Total |       0 |    5271 |   0.0 |       0 |     157 |   0.0 | 11433
               +---------+---------+-------+---------+---------+-------+---------
           D:1 |       0 |      31 |   0.0 |       0 |      17 |   0.0 |  1177
           D:2 |       0 |      47 |   0.0 |       0 |      15 |   0.0 |  1028
           D:3 |       0 |     294 |   0.0 |       0 |      18 |   0.0 |  1471
           D:4 |       0 |     662 |   0.0 |       0 |      31 |   0.0 |  1622
           D:5 |       0 |     366 |   0.0 |       0 |       6 |   0.0 |  1200
           D:6 |       0 |     391 |   0.0 |       0 |       9 |   0.0 |  1100
           D:7 |       0 |    1426 |   0.0 |       0 |      14 |   0.0 |   735
           D:8 |       0 |    1444 |   0.0 |       0 |      19 |   0.0 |  1212
           D:9 |       0 |     124 |   0.0 |       0 |       1 |   0.0 |    36
       Ossuary |       0 |     486 |   0.0 |       0 |      27 |   0.0 |  1611
               +---------+---------+-------+---------+---------+-------+---------
